 Dungeon Crawl Stone Soup version 0.18.1-2-ga659475 (webtiles) character file.

7044 barb4r1an the Thaumaturge (level 10, 0/86 HPs)
             Began as a Purple Draconian Conjurer on May 8, 2016.
             Was an Elder of Vehumet.
             Killed by vampiric draining
             ... invoked by dvd's ghost
              (19 damage)
             ... on level 9 of the Dungeon.
             The game lasted 00:36:35 (12104 turns).

barb4r1an the Thaumaturge (DrCj)                   Turns: 12104, Time: 00:36:35

Health: 0/86       AC: 14    Str:  9 (11) XL:     10   Next: 83%
Magic:  1/24       EV: 11    Int: 23      God:    Vehumet [****..]
Gold:   373        SH:  0    Dex: 12      Spells: 5 memorised, 13 levels left

rFire  . . .     SeeInvis .     z - +0 quarterstaff (drain)
rCold  . . .     Gourm    .     (armour unavailable)
rNeg   . . .     Faith    .     (shield currently unavailable)
rPois  .         Spirit   .     (helmet restricted)
rElec  .         Dismiss  .     o - +0 cloak
rCorr  .         Reflect  .     (no gloves)
SustAt .         Harm     .     C - +1 pair of boots
MR     +....                    (no amulet)
Stlth  ++........               l - +5 ring of intelligence
                                x - +4 ring of protection

@: somewhat resistant to hostile enchantments, unstealthy
A: breathe power, unfitting armour, deterioration 1, cold-blooded, AC +7
a: Breathe Dispelling Energy, Renounce Religion


You were on level 9 of the Dungeon.
You worshipped Vehumet.
Vehumet was greatly pleased with you.
You were not hungry.

You visited 2 branches of the dungeon, and saw 10 of its levels.
You also visited: Sewer.

You collected 373 gold pieces.

Inventory:

Hand Weapons
 d - a +0 short sword
 z - a +0 quarterstaff of draining (weapon)
Armour
 o - a +0 cloak (worn)
 C - a +1 pair of boots (worn)
Jewellery
 k - an uncursed ring of resist corrosion
 l - a +5 ring of intelligence (right hand)
 x - a +4 ring of protection (left hand)
 D - a +2 ring of strength
Scrolls
 c - 2 scrolls of noise {unknown}
 h - 5 scrolls of remove curse
 n - 4 scrolls of recharging {unknown}
 r - a scroll of enchant armour {unknown}
 w - a scroll of teleportation {unknown}
 y - a scroll of random uselessness {unknown}
 A - a scroll of magic mapping {unknown}
 B - a scroll of blinking {unknown}
 F - a scroll of identify
 J - a scroll of fear {unknown}
 K - a scroll of amnesia {unknown}
Potions
 e - 3 potions of curing {unknown}
 i - 6 potions of heal wounds
 m - a potion of magic {unknown}
 p - 5 potions of invisibility
 q - a potion of lignification {unknown}
 s - a potion of degeneration {unknown}
 t - a potion of berserk rage {unknown}
 u - 6 potions of flight
 v - a potion of brilliance {unknown}
Books
 a - a book of Conjurations

   Spells                             Type                      Level
   a - Magic Dart                     Conjuration                  1
   b - Searing Ray                    Conjuration                  2
   c - Dazzling Spray                 Conjuration/Hexes            3
   d - Fulminant Prism                Conjuration/Hexes            4
   e - Iskenderun's Mystic Blast      Conjuration                  4
   f - Iskenderun's Battlesphere      Conjuration/Charms           5
 g - a book of Beasts

   Spells                             Type                      Level
   a - Summon Butterflies             Summoning                    1
   b - Call Canine Familiar           Summoning                    3
   c - Summon Ice Beast               Ice/Summoning                4
   d - Summon Mana Viper              Hexes/Summoning              5
   e - Summon Hydra                   Summoning                    7
Comestibles
 b - 7 bread rations
 f - 4 fruits
 j - 7 beef jerkies
 E - 2 meat rations
 I - a slice of pizza


   Skills:
 - Level 7.2 Fighting
 + Level 8.2 Dodging
 - Level 1.7 Stealth
 + Level 10.1 Spellcasting
 + Level 9.8 Conjurations


You had 13 spell levels left.
You knew the following spells:

 Your Spells              Type           Power        Failure   Level  Hunger
a - Magic Dart            Conj           ####         1%          1    None
b - Searing Ray           Conj           ######       1%          2    None
c - Iskenderun's Mystic   Conj           ######..     1%          4    #......
d - Iskenderun's Battles  Conj/Chrm      ####....     7%          5    ####...
e - Force Lance           Conj/Tloc      ####....     2%          4    #......


Dungeon Overview and Level Annotations

Branches:
Dungeon (9/15)             Temple (1/1) D:4            Lair (0/8) D:8
    Orc (0/2) D:9

Altars:
Ashenzari
Cheibriados
Dithmenos
Elyvilon
Fedhas
Gozag
Kikubaaqudgha
Makhleb
Nemelex Xobeh
Okawaru
Pakellas
Qazlal
Ru
Sif Muna
Trog
Vehumet
Xom
Yredelemnul
Zin
The Shining One

Shops:
D:7 *   D:9 =

Annotations:
D:9 dvd's ghost, novice DDEE


Innate Abilities, Weirdness & Mutations

You can breathe bolts of dispelling energy.
Your rich purple scales are hard (AC +7).
Your body does not fit into most forms of armour.
You are cold-blooded and may be slowed by cold attacks.
Your body sometimes deteriorates upon taking damage.


Message History

Dvd's ghost is heavily damaged.
Your battlesphere fires!
The barrage of energy hits dvd's ghost.
Dvd's ghost is severely damaged.
Dvd's ghost hits you but does no damage.
You hit dvd's ghost but do no damage.
Dvd's ghost is severely damaged.
Dvd's ghost hits you but does no damage.
You hit dvd's ghost.
Dvd's ghost is severely damaged.
Dvd's ghost gestures at you while chanting.
The rocky blast misses you. Dvd's ghost closely misses you.
You sock dvd's ghost!
Dvd's ghost is severely damaged.
Dvd's ghost gestures at you while chanting.
The stone arrow hits you!
* * * LOW HITPOINT WARNING * * *
Your body deteriorates!
You feel weakened.
Dvd's ghost is infused with unholy energy.
You die...

....#.....+...................
#....#..####...................
###....##'#...................###
...........................).†...
$............................)...
......######.....*.............†.
......# #.....................
#.....# #.....................
##....# ##...W@...###..........
#....#####.........# #####......
#...............#### #.#####
#....####.......# #. #....#
#.......# #....# #.......# ######
#########


You could see dvd's ghost and a friendly battlesphere.

Vanquished Creatures
  An elephant (D:8)
  A troll (D:8)
  Prince Ribbit (D:5)
  Sigmund (D:5)
  Eustachio (D:6)
  A yak (D:8)
  Grum (D:8)
  3 hippogriffs
  2 steam dragons (D:6)
  2 wargs (D:9)
  2 orc warriors (D:8)
  An ice beast (D:8)
  2 sky beasts
  A wasp (D:8)
  2 wolves (D:8)
  2 ogres
  5 centaurs
  A crocodile (D:8)
  11 big kobolds
  4 giant frogs
  2 wyvern zombies (D:8)
  3 scorpions
  9 killer bees
  2 howler monkeys
  4 crimson imps
  2 giant frog zombies
  A quasit (D:7)
  4 centaur zombies
  2 hounds (D:4)
  A jelly (D:6)
  Crazy Yiuf (D:2)
  A giant frog skeleton (D:5)
  An orc priest (D:8)
  11 orc wizards
  11 worker ants
  An iguana (D:6)
  A statue (D:5)
  A sheep (D:8)
  A hound zombie (D:8)
  A hound skeleton (D:7)
  A worker ant zombie (D:9)
  18 gnolls
  A howler monkey skeleton (D:8)
  16 adders
  3 shadow imps
  3 oozes
  3 worms
  A dart slug (D:1)
  6 giant geckos
  34 orcs
  A ball python (D:2)
  2 bats
  11 giant cockroaches
  11 goblins
  5 hobgoblins
  10 jackals
  3 quokkas
  5 giant newts
  24 kobolds
  9 rats
  2 butterflies (D:4)
  A fungus (D:2)
275 creatures vanquished.

Vanquished Creatures (others)
  An orc (D:5)
  A fungus (D:6)
2 creatures vanquished.

Grand Total: 277 creatures vanquished

Notes
Turn   | Place    | Note
--------------------------------------------------------------
     0 | D:1      | barb4r1an the Draconian Conjurer began the quest for the Orb.
     0 | D:1      | Reached XP level 1. HP: 14/14 MP: 3/3
   300 | D:1      | Reached XP level 2. HP: 20/20 MP: 5/5
   304 | D:1      | Learned a level 2 spell: Searing Ray
   952 | D:1      | Reached XP level 3. HP: 26/26 MP: 6/6
  1922 | D:2      | Reached skill level 3 in Spellcasting
  1922 | D:2      | Reached XP level 4. HP: 27/33 MP: 3/8
  2174 | D:2      | Found a shadowy altar of Dithmenos.
  2175 | D:2      | Found a deep blue altar of Sif Muna.
  2370 | D:2      | Noticed Crazy Yiuf
  2377 | D:2      | Killed Crazy Yiuf
  2608 | D:3      | Reached XP level 5. HP: 38/38 MP: 2/10
  2891 | D:3      | Learned a level 4 spell: Iskenderun's Mystic Blast
  3037 | D:3      | Reached skill level 5 in Conjurations
  3646 | D:4      | Reached XP level 6. HP: 40/45 MP: 1/11
  3736 | D:4      | Reached skill level 4 in Spellcasting
  3821 | D:4      | Found a staircase to the Ecumenical Temple.
  3828 | Temple   | Entered the Ecumenical Temple
  4276 | D:4      | Found a glowing drain.
  4321 | Sewer    | Entered a sewer
  4543 | Sewer    | Found a white marble altar of Elyvilon.
  4730 | D:4      | Your scales start taking on a rich purple colour.
  4730 | D:4      | Reached skill level 5 in Spellcasting
  4730 | D:4      | Reached XP level 7. HP: 43/50 MP: 1/15
  5020 | D:5      | Entered Level 5 of the Dungeon
  5094 | D:5      | Learned a level 5 spell: Iskenderun's Battlesphere
  5133 | D:5      | Found a radiant altar of Vehumet.
  5152 | D:5      | Became a worshipper of Vehumet
  5173 | D:5      | Noticed Prince Ribbit
  5236 | D:5      | Killed Prince Ribbit
  5236 | D:5      | Reached skill level 1 in Fighting
  5236 | D:5      | Reached skill level 6 in Spellcasting
  5461 | D:5      | Reached XP level 8. HP: 62/62 MP: 5/17
  5710 | D:5      | Noticed Sigmund
  5720 | D:5      | Killed Sigmund
  5780 | D:5      | Reached skill level 5 in Dodging
  6174 | D:6      | Reached skill level 7 in Spellcasting
  6193 | D:6      | Reached * piety under Vehumet
  6193 | D:6      | Offered knowledge of Shock by Vehumet.
  6560 | D:6      | Noticed Eustachio
  6571 | D:6      | Killed Eustachio
  7020 | D:6      | Reached XP level 9. HP: 52/72 MP: 12/20
  7285 | D:6      | Reached skill level 5 in Fighting
  7482 | D:7      | Reached skill level 8 in Spellcasting
  7505 | D:7      | Gained mutation: Your tail ends in a poisonous barb. [mutagenic meat]
  7506 | D:7      | Gained mutation: Your body sometimes deteriorates upon taking damage. [mutagenic meat]
  7508 | D:7      | Lost mutation: Your tail ends in a poisonous barb. [mutagenic meat]
  7515 | D:7      | Found Zin's Purification Station.
  7644 | D:7      | Found a glowing silver altar of Zin.
  7902 | D:7      | Reached ** piety under Vehumet
  7902 | D:7      | Offered knowledge of Sting by Vehumet.
  8310 | D:7      | Found a deep blue altar of Sif Muna.
  8342 | D:7      | Found an iron altar of Okawaru.
  8669 | D:8      | Reached XP level 10. HP: 78/84 MP: 17/22
  8672 | D:8      | Offered knowledge of Throw Frost by Vehumet.
  8683 | D:8      | Reached skill level 9 in Spellcasting
  8823 | D:8      | Reached *** piety under Vehumet
  9115 | D:8      | Noticed an elephant
  9169 | D:8      | Noticed Grum
  9189 | D:8      | Killed Grum
  9500 | D:8      | Killed an elephant
  9720 | D:8      | Found a staircase to the Lair.
  9863 | D:8      | Offered knowledge of Force Lance by Vehumet.
  9963 | D:8      | Learned a level 4 spell: Force Lance
 10268 | D:8      | Found a deep blue altar of Sif Muna.
 10634 | D:8      | Found a shattered altar of Ashenzari.
 11294 | D:8      | Reached **** piety under Vehumet
 11591 | D:9      | Found Bimik's Jewellery Shop.
 11751 | D:9      | Found a staircase to the Orcish Mines.
 11785 | D:9      | Reached skill level 10 in Spellcasting
 11786 | D:9      | Offered knowledge of Static Discharge by Vehumet.
 11892 | D:9      | Noticed dvd's ghost (novice DDEE)
 12104 | D:9      | Killed from afar by dvd's ghost

Skill      XL: |  1  2  3  4  5  6  7  8  9 10 |
---------------+-------------------------------+-----
Dodging        | 2 3 4 5 6 8 |  8.2
Spellcasting   | 3 5 6 7 8 10 | 10.1
Conjurations   | 5 6 7 8 9 |  9.8
Fighting       | 2 4 6 7 |  7.2
Stealth        | |  1.7

Action                   |  1- 3 |  4- 6 |  7- 9 | 10-12 || total
-------------------------+-------+-------+-------+-------++-------
Melee: Short sword       |   126 |   128 |    22 |       ||   276
       Tailslap          |    10 |    10 |    11 |     4 ||    35
       Quarterstaff      |       |       |   101 |    28 ||   129
 Cast: Magic Dart        |     7 |    97 |   112 |   132 ||   348
       Searing Ray       |     3 |     9 |    42 |    27 ||    81
       Iskenderun's Myst |       |       |    23 |    12 ||    35
       Force Lance       |       |       |       |    26 ||    26
       Iskenderun's Batt |       |       |       |    12 ||    12
  Use: Scroll            |       |       |     5 |       ||     5
 Stab: Sleeping          |     5 |     3 |       |       ||     8
  Eat: Chunk             |     1 |     7 |    16 |    13 ||    37
       Meat ration       |     1 |       |       |       ||     1
       Bread ration      |       |       |       |     1 ||     1
Armor: Skin              |    39 |    53 |    93 |    30 ||   215
Dodge: Dodged            |   130 |    87 |   236 |    94 ||   547
